pepega 2s

Match 27163016
End
Construct Section Command Post
Selects Air and Sea Battlegroup
Royal Engineer Section
Infantry Section
Infantry Section
Selects Supply Surplus
Construct Resource Cache
Construct Platoon Command Post
Humber Armored Car
6-pounder Anti-tank Gun Team
Infantry Training
Selects Commando Section Paradrop
Unlock Bishop Self-propelled Artillery
Construct Resource Cache
Grenade Package
Bishop Self-propelled Artillery
Selects Commando LMG Section Paradrop
Commando LMG Section Paradrop
Light Vehicle Training
Construct Company Command Post
Crusader II Medium Tank
Foot Guards Section
Royal Engineer Section
Matilda II Heavy Tank
Construct Field Infirmary
Construct Resource Cache
Selects Anti-tank Rocket Loiter
Armored Vehicle Training
Unlock M3 Grant Medium Tanks
M3 Grant Medium Tank
M3 Grant Medium Tank
Commando LMG Section Paradrop
Crusader II Medium Tank
I OW U
United
T.R. 3nder
bobr
0
0

Comments sign in to comment!

No comments posted yet!